 Dungeon Crawl Stone Soup version 0.30.0-29-ga12c61a403 (webtiles) character file.

Game seed: 6476327011748959320

79 qw the Chopper (level 4, -1/28 HPs)
             Began as a Gargoyle Fighter on June 5, 2023.
             Slain by Sigmund
             ... wielding a +0 scythe
              (6 damage)
             ... on level 2 of the Dungeon.
             The game lasted 00:00:32 (801 turns).

qw the Chopper (Gargoyle Fighter)                    Turns: 801, Time: 00:00:32

Health: -1/28      AC: 11    Str: 22    XL:     4   Next: 38%
Magic:  4/4        EV:  9    Int:  8    God:
Gold:   155        SH:  4    Dex:  9    Spells: 3/3 levels left

rFire   . . .        Y - +1 war axe
rCold   . . .        c - +0 buckler
rNeg    + . .        b - +0 scale mail
rPois   inf          h - +0 helmet
rElec   +            (no cloak)
rCorr   .            (no gloves)
SInv    .            (no boots)
Will    +....        (no amulet) Stlth
                     k - ring of willpower
HPRegen 0.24/turn    (no ring)
MPRegen 0.09/turn

%: no passive effects
@: no status effects
A: sickness immunity, AC +3, negative energy resistance 1, electricity
resistance, torment resistance 1, petrification resistance
a: no special abilities


You were on level 2 of the Dungeon.
You visited 1 branch of the dungeon, and saw 2 of its levels.

You collected 155 gold pieces.


Innate Abilities, Weirdness & Mutations

You are immune to sickness and miasma.
Your stone body is resilient. (AC +3)
You are immune to poison.
You resist negative energy. (rN+)
You are resistant to electric shocks. (rElec)
You are resistant to unholy torment.
You are immune to petrification.


   Skills:
 - Level 3.2 Fighting
 + Level 4.1 Axes
 - Level 3.2 Armour
 - Level 3.2 Shields


You had 3 spell levels left.
You didn't know any spells.
Your spell library was empty.

Inventory:

Hand Weapons
 l - a +0 mace
 Y - a +1 war axe (weapon)
Armour
 b - a +0 scale mail (worn)
 c - a +0 buckler (worn)
 h - a +0 helmet (worn)
Jewellery
 k - a ring of willpower (left hand)
Scrolls
 a - a scroll of enchant armour {unknown}
Potions
 d - 2 potions of might
 i - a potion of heal wounds
 m - a potion of degeneration {unknown}
 n - a potion of resistance {unknown}

Dungeon Overview and Level Annotations

Branches:
Dungeon (2/15)

Altars:

Annotations:
D:2 Sigmund


Message History

The adder is moderately wounded.
The adder bites you but does no damage. x2
Sigmund casts a spell.
Sigmund flickers and vanishes!
Deactivating autopickup; reactivate with Ctrl-A.
You hit the adder.
The adder is severely wounded.
The adder bites you but does no damage. Something hits you but does no damage.
You block the adder's attack.
You hit the adder but do no damage.
The adder is heavily wounded.
You block the adder's attack.
A magic dart appears from out of thin air!
The magic dart hits you.
You miss the adder.
The adder is heavily wounded.
The adder barely misses you. The adder misses you. Something hits you.
You slash the adder!
You kill the adder!
Something hits you.
You swing at nothing.
Something hits you but does no damage.
You swing at nothing.
Something hits you but does no damage.
You swing at nothing.
You swing at nothing.
Something hits you.
You swing at nothing.
Something hits you.
You swing at nothing.
Something hits you.
You swing at nothing.
You block something's attack.
You swing at nothing.
Something hits you.
You swing at nothing.
You block something's attack.
You swing at nothing.
Something hits you.
You die...

#.........#
#.....<...#
#.........#
##+########.#.#
..$......##.#.#
.........##.#.# .
.....{...##.#.# ..
.........##.#.##.#.
.......@.##.#....<.
##+###...##.%......
..................
#.###...#######..#
#...# .. #...#
#####


There were no monsters in sight!

Vanquished Creatures
  A howler monkey (D:2)
  An adder (D:2)
  2 dart slugs (D:1)
  An endoplasm (D:1)
  A giant cockroach (D:1)
  2 goblins (D:1)
  6 hobgoblins
  2 jackals (D:1)
  6 kobolds
  2 bats (D:1)
  A frilled lizard (D:1)
  5 rats (D:1)
30 creatures vanquished.

Notes
Turn   | Place    | Note
-------+----------+-------------------------------------------
     0 | D:1      | qw the Gargoyle Fighter began the quest for the Orb.
     0 | D:1      | Reached XP level 1. HP: 14/14 MP: 1/1
     0 | D:1      | 0 ||| qw: Version: 0.2-a-108-gee2c290
     0 | D:1      | 0 ||| qw: Game counter: 1486
     0 | D:1      | 0 ||| qw: Always use a shield: true
     0 | D:1      | 0 ||| qw: God list: Okawaru
     0 | D:1      | 0 ||| qw: Allow faded altars: false
     0 | D:1      | 0 ||| qw: Do Orc after D:15 true
     0 | D:1      | 0 ||| qw: Do second Lair branch before Depths: true
     0 | D:1      | 0 ||| qw: Lair rune preference: random
     0 | D:1      | 0 ||| qw: Plans: Normal, Zot:1-4, Slime:5, God:TSO, Crypt,
                  | Tomb, Abyss, Pan, Hells, Win
     0 | D:1      | 0 ||| PLANNING D:1-11
    54 | D:1      | 54 ||| Stepping ~*~*~tactically~*~*~ (stealth).
    58 | D:1      | Reached skill level 2 in Axes
   111 | D:1      | Reached XP level 2. HP: 19/19 MP: 2/2
   136 | D:1      | 136 ||| Stepping ~*~*~tactically~*~*~ (hiding).
   149 | D:1      | 149 ||| Stepping ~*~*~tactically~*~*~ (hiding).
   151 | D:1      | 151 ||| Stepping ~*~*~tactically~*~*~ (hiding).
   152 | D:1      | 152 ||| Stepping ~*~*~tactically~*~*~ (hiding).
   189 | D:1      | 189 ||| Stepping ~*~*~tactically~*~*~ (stealth).
   190 | D:1      | 190 ||| Stepping ~*~*~tactically~*~*~ (stealth).
   192 | D:1      | 192 ||| Stepping ~*~*~tactically~*~*~ (stealth).
   280 | D:1      | Reached skill level 3 in Axes
   281 | D:1      | Reached XP level 3. HP: 20/23 MP: 3/3
   320 | D:1      | 320 ||| DROPPING +0 club.
   617 | D:1      | 617 ||| DROPPING scarf of harm.
   618 | D:1      | 618 ||| UPGRADING to +0 helmet.
   623 | D:1      | 623 ||| UPGRADING to ring of willpower.
   624 | D:1      | 624 ||| READING 2 scrolls labelled KUW ZENNIORUC.
   641 | D:1      | 641 ||| READING scroll labelled PETUWN ZONEOR.
   642 | D:1      | 642 ||| READING scroll labelled XOOBRA KEZAB.
   643 | D:1      | 643 ||| DRINKING 2 bubbling white potions.
   644 | D:1      | 644 ||| DROPPING scroll of torment.
   742 | D:2      | Reached skill level 4 in Axes
   742 | D:2      | Reached XP level 4. HP: 21/28 MP: 4/4
   782 | D:2      | Noticed Sigmund
   799 | D:2      | HP: 4/28 [something (5)]
   801 | D:2      | Slain by Sigmund

Levels and vault maps discovered:
D:1:      shiori_arrival_maze, layout_rooms, minmay_pentomino_p4
D:2:      layout_basic, serial_glass, glass_columns_b, glass_columns_c,
          glass_columns_a, glass_columns_b, glass_columns_b, glass_columns_a,
          hellmonk_ecumenical_altar_pennies_from_heaven, uniq_sigmund,
          uniq_terence

Skill      XL: |  1  2  3 |
---------------+----------+-----
Axes           | 2 3 4 |  4.1
Fighting       | |  3.2
Armour         | |  3.2
Shields        | |  3.2

Action                     |  1- 3 |  4- 6 || total
---------------------------+-------+-------++-------
  Melee: War axe           |    68 |    10 ||    78
    Use: Scroll            |     3 |       ||     3
         Potion            |     1 |       ||     1
 Armour: Scale mail        |    47 |    10 ||    57
  Dodge: Dodged            |    32 |     6 ||    38
  Block: Buckler           |    11 |     4 ||    15

Table legend:
 A = Non-vault XP
 B = Vault XP
 C = Vault XP percentage of total XP
 D = Non-vault monster count
 E = Vault monster count
 F = Vault count percentage of total count
                 A         B        C        D         E       F
            +---------+---------+-------+---------+---------+-------
      Total |     107 |       7 |   6.1 |      25 |       5 |  16.7
            +---------+---------+-------+---------+---------+-------
        D:1 |      39 |       7 |  15.2 |      21 |       5 |  19.2
        D:2 |      68 |       0 |   0.0 |       4 |       0 |   0.0
            +---------+---------+-------+---------+---------+-------
